 Dungeon Crawl Stone Soup version 0.31.0-2-g5a2aebc5c2 (webtiles) character file.

Game seed: 2475990702879751938

84 Aldia the Trooper (level 4, 0/48 HPs)
             Began as an Oni Warper on Jan 20, 2024.
             Splashed by a jelly's acid (4 damage)
             ... on level 3 of the Dungeon.
             The game lasted 00:05:36 (2988 turns).

Aldia the Trooper (Oni Warper)                      Turns: 2988, Time: 00:05:36

Health: 0/48       AC: -13   Str: 17    XL:     4   Next: 45%
Magic:  7/7        EV:  9    Int: 14    God:
Gold:   125        SH:  0    Dex:  8    Spells: 6/8 levels left

rFire   . . .        j - +0 flail (flame)
rCold   . . .        (no shield)
rNeg    . . .        b - +0 robe
rPois   .            s - +0 hat
rElec   .            (no cloak)
rCorr   .            (gloves unavailable)
SInv    .            (boots unavailable)
Will    .....        a - amulet of regeneration
Stlth   +            (no ring)
HPRegen 1.08/turn    (no ring)
MPRegen 0.10/turn

%: no passive effects
@: corroded
A: large, unfitting armour, horns 1, tough skin 1, double potion healing,
drunken brawling
a: no special abilities


You were on level 3 of the Dungeon.
You visited 1 branch of the dungeon, and saw 3 of its levels.

You collected 125 gold pieces.

Inventory:

Hand Weapons
 j - a +0 flail of flaming (weapon)
Missiles
 d - 7 darts of dispersal (quivered)
 e - 3 javelins
Armour
 b - a +0 robe (worn)
 s - a +0 hat (worn)
Jewellery
 a - an amulet of regeneration (around neck)
Scrolls
 f - a scroll of poison {unknown}
 o - a scroll of fog {unknown}
 p - a scroll of brand weapon
 q - a scroll of enchant weapon {unknown}
 t - a scroll of summoning {unknown}
 v - a scroll of identify
Potions
 g - a potion of lignification {unknown}
 h - a potion of enlightenment
 i - a potion of might {unknown}
 k - a potion of invisibility {unknown}
 l - a potion of curing {unknown}
 m - a potion of mutation
 n - a potion of haste {unknown}
 r - 2 potions of heal wounds {unknown}
 u - a potion of resistance {unknown}


   Skills:
 + Level 3.7 Fighting
 * Level 3.4 Maces & Flails
 - Level 1.0 Throwing
 - Level 2.1 Dodging
 - Level 2.5 Spellcasting
 + Level 3.2 Translocations


You had 6 spell levels left.
You knew the following spells:

 Your Spells              Type           Power      Damage    Failure   Level
a - Blink                 Tloc           20%        N/A       9%          2

Your spell library contained the following spells:

 Spells                   Type           Power      Damage    Failure   Level
 Lesser Beckoning         Tloc           20%        N/A       9%          2
 Teleport Other           Tloc           10%        N/A       19%         3
 Manifold Assault         Tloc           10%        N/A       52%         4
 Vhi's Electric Charge    Tloc/Air       12%        N/A       75%         4


Dungeon Overview and Level Annotations

Branches:
Dungeon (3/15)

Altars:


Innate Abilities, Weirdness & Mutations

You are too large for most types of armour.
You have a pair of small horns on your head.
You have tough skin. (AC +1)
You gain doubled healing and magic from potions.
Whenever you drink a healing potion, you attack all around you.


Message History

The jelly hits you but does no damage.
You barely miss the jelly.
The jelly is moderately wounded.
The jelly hits you. The acid corrodes you!
You are splashed with acid!
You hit the jelly but do no damage. The acid corrodes you!
Your hands burn!
You headbutt the jelly.
The jelly is heavily wounded.
The jelly hits you.
You are splashed with acid!
The jelly hits you.
You are splashed with acid.
You are too injured to fight recklessly!
You are too injured to fight recklessly!
You are too injured to fight recklessly!
Okay, then.
Blink to where?
Press: ? - help, Dir - move target
As you read the scroll of blinking, it crumbles to dust.
You are no longer corroded.
The jelly quivers.
You hit the jelly. You burn the jelly. The acid corrodes you!
Your hands burn!
You headbutt the jelly, but do no damage.
The jelly is almost dead.
The jelly hits you.
You are splashed with acid!
The jelly hits you. The acid corrodes you!
You are splashed with acid.
You hit the jelly but do no damage.
Your hands burn!
The jelly is almost dead.
The jelly hits you.
You are splashed with acid!
You are too injured to fight recklessly!
You hit the jelly but do no damage. The acid corrodes you!
Your hands burn!
You headbutt the jelly, but do no damage.
The jelly is almost dead.
The jelly hits you. The acid corrodes you!
You are splashed with acid!
* * * LOW HITPOINT WARNING * * *
You hit the jelly but do no damage.
Your hands burn!
* * * LOW HITPOINT WARNING * * *
You headbutt the jelly, but do no damage.
The jelly is almost dead.
The jelly barely misses you.
Okay, then.
You hit the jelly but do no damage. The acid corrodes you!
Your hands burn!
You die...

# ### ###### #################.#
#..#.# .............#..@.# #..#..
############.#.##J# #..... .....#
#.#(#.##.##########.##.#
####.#####.#.#.##.#........#....#
##.#'#..)..#.#.##.#.######.###...
#......###.#.#.##.#.........J...#
.......# #.#.#.##.########.###..#
#.#....# #<#.#.##....J.......#..#
.......# #.#.#.#####..####.#.#.>.


You could see a jelly.

Vanquished Creatures
  3 adders
  3 ribbon worms
  3 orcs (D:3)
  4 endoplasms
  2 giant cockroaches
  7 goblins
  4 hobgoblins
  2 ball pythons (D:2)
  3 bats (D:1)
  7 kobolds
  5 rats
43 creatures vanquished.

Notes
Turn   | Place    | Note
-------+----------+-------------------------------------------
     0 | D:1      | Aldia the Oni Warper began the quest for the Orb.
     0 | D:1      | Reached XP level 1. HP: 22/22 MP: 3/3
   390 | D:1      | Reached XP level 2. HP: 27/29 MP: 5/5
  1389 | D:2      | Reached XP level 3. HP: 35/37 MP: 6/6
  1855 | D:2      | Learned a level 2 spell: Blink
  2165 | D:3      | Reached XP level 4. HP: 46/46 MP: 7/7
  2988 | D:3      | Splashed by a jelly's acid

Illustrated notes

Levels and vault maps discovered:
D:1:      dpeg_arrival_erosion, layout_loops_corners,
          minmay_misc_feat_diagonals, minivault_27, corexii_hall_statues_l
D:2:      layout_loops_corners, serial_bayou_lake_a
D:3:      layout_basic

Skill      XL: |  1  2  3 |
---------------+----------+-----
Fighting       | 3 |  3.7
Translocations | 3 |  3.2
Maces & Flails | 3 |  3.4
Throwing       | |  1.0
Dodging        | |  2.1
Spellcasting   | |  2.5

Action                     |  1- 3 |  4- 6 || total
---------------------------+-------+-------++-------
  Melee: Mace              |    47 |       ||    47
         Headbutt          |    10 |     7 ||    17
         Whip              |    49 |    10 ||    59
         Flail             |     3 |    40 ||    43
         Punch             |       |     1 ||     1
    Use: Scroll            |     3 |     2 ||     5
   Stab: Sleeping          |     1 |       ||     1
 Armour: Robe              |    64 |    30 ||    94
  Dodge: Dodged            |    47 |    21 ||    68
